 Dungeon Crawl Stone Soup version 0.30-a0-949-g53dc5368d7 (webtiles) character file.

Game seed: 16264446087043938365

64559 jimonade the Severer (level 15, -8/141 HPs)
             Began as a Hill Orc Fighter on Mar 27, 2023.
             Was the Champion of Beogh.
             Shot with an arrow by Nessos (15 damage)
             ... on level 13 of the Dungeon on Mar 28, 2023.
             The game lasted 01:01:04 (21056 turns).

jimonade the Severer (Hill Orc Fighter)            Turns: 21056, Time: 01:01:05

Health: -8/141     AC: 12    Str: 23    XL:     15   Next: 13%
Magic:  26/26      EV: 17    Int: 10    God:    Beogh [******]
Gold:   1736       SH:  0    Dex: 12    Spells: 14/14 levels left

rFire   + + .      SeeInvis .    b - melded +4 broad axe (flame)
rCold   + + .      Faith    .    (shield currently unavailable)
rNeg    + + +      Spirit   .    Y - melded +2 chain mail {rC+}
rPois   ∞          Reflect  .    P - melded +0 helmet "Viabiaw" {rElec Dex+3}
rElec   +          Rampage  .    C - melded +1 cloak of the Vaults {rElec}
rCorr   +                        R - melded +0 pair of gloves
Will    +....                    k - melded +2 pair of boots {Fly}
Stlth   +                        (amulet currently unavailable)
HPRegen 0.43/turn                I - melded +4 ring of protection
MPRegen 0.20/turn                F - melded +6 ring of strength

@: wisp-form (expiring), flying
A: insubstantial, flying, no casting, walk on water, tiny
a: Renounce Religion, Smiting, Recall Orcish Followers, Give Item to Named
Follower, Resurrection


You were on level 13 of the Dungeon.
You worshipped Beogh.
Beogh was exalted by your worship.
You were an insubstantial wisp.
You visited 2 branches of the dungeon, and saw 18 of its levels.
You also visited: Ice Cave.

You collected 2408 gold pieces.
You spent 672 gold pieces at shops.

Inventory:

Hand Weapons
 a - the +6 war axe of Iwi Zic {venom, rElec}
   (You found it on level 5 of the Dungeon)

   rElec:     It insulates you from electricity.
 b - a +4 broad axe of flaming (melded)
 c - a +3 war axe of freezing
 w - a +2 halberd of freezing
 S - a +3 war axe
Missiles
 e - 67 poisoned darts (quivered)
 J - a throwing net
Armour
 k - a +2 pair of boots of flying (melded)
 C - the +1 cloak of the Vaults (melded) {rElec}
   (You found it on level 3 of the Lair of Beasts)

   rElec:     It insulates you from electricity.
 P - the +0 helmet "Viabiaw" (melded) {rElec Dex+3}
   (You acquired it on level 9 of the Dungeon)

   Dex:       It affects your dexterity (+3).
   rElec:     It insulates you from electricity.
 R - a +0 pair of gloves (melded)
 W - a +0 plate armour
 Y - a +2 chain mail of cold resistance (melded)
Jewellery
 x - an amulet of guardian spirit
 B - a ring of protection from cold
 F - a +6 ring of strength (melded)
 H - a ring of poison resistance
 I - a +4 ring of protection (melded)
 Z - a ring of positive energy
Wands
 t - a wand of flame (38)
 E - a wand of quicksilver (9)
 N - a wand of digging (2)
 Q - a wand of iceblast (6)
 U - a wand of charming (20)
 V - a wand of polymorph (3)
Scrolls
 f - 2 scrolls of vulnerability
 g - 4 scrolls of brand weapon
 i - 4 scrolls of identify
 n - 2 scrolls of immolation
 p - 8 scrolls of enchant armour
 s - 6 scrolls of teleportation
 u - 3 scrolls of enchant weapon
 v - 7 scrolls of fog
 y - 2 scrolls of blinking
 z - a scroll of butterflies
 T - a scroll of fear
Potions
 d - 4 potions of might
 h - 6 potions of cancellation
 j - a potion of berserk rage
 l - 7 potions of lignification
 m - a potion of mutation
 o - 3 potions of brilliance
 q - 3 potions of attraction
 r - 12 potions of curing
 A - a potion of resistance
 D - 2 potions of haste
 G - 2 potions of invisibility
 K - 12 potions of ambrosia
 O - 4 potions of heal wounds
 X - 2 potions of flight
Miscellaneous
 L - a box of beasts
 M - a phial of floods


   Skills:
 + Level 15.4 Fighting
 + Level 20.6 Axes
 + Level 1.0 Throwing
 + Level 13.9 Armour
 + Level 9.3 Shields
 * Level 15.2 Invocations


You had 14 spell levels left.
You didn't know any spells.
Your spell library contained the following spells:

 Spells                   Type           Power      Damage    Failure   Level
 Apportation              Tloc           0%         N/A       36%         1
 Foxfire                  Conj/Fire      0%         2x1d4     36%         1
 Sting                    Tmut/Pois      0%         1d3       36%         1
 Summon Small Mammal      Summ           0%         N/A       36%         1
 Ensorcelled Hibernation  Hex/Ice        0%         N/A       50%         2
 Poisonous Vapours        Pois/Air       0%         N/A       50%         2
 Static Discharge         Conj/Air       0%         2-2/arc   50%         2
 Call Canine Familiar     Summ           0%         N/A       75%         3
 Hailstorm                Conj/Ice       0%         3d3       75%         3
 Ignite Poison            Fire/Tmut/Pois 0%         N/A       75%         3
 Kindle Blastsparks       Fire/Tloc/Air  0%         2d10      75%         3
 Ozocubu's Armour         Ice            0%         N/A       75%         3
 Summon Guardian Golem    Hex/Summ       0%         N/A       75%         3
 Tukima's Dance           Hex            0%         N/A       75%         3
 Vhi's Electric Charge    Tloc/Air       0%         N/A       75%         3
 Ice Form                 Ice/Tmut       0%         N/A       98%         4
 Olgreb's Toxic Radiance  Pois           0%         N/A       98%         4
 Passage of Golubria      Tloc           0%         N/A       98%         4
 Sticky Flame             Conj/Fire      0%         2d3       98%         4
 Alistair's Intoxication  Tmut/Pois      0%         N/A       100%        5
 Arcjolt                  Conj/Air       0%         1d10      100%        5
 Fireball                 Conj/Fire      0%         3d3       100%        5
 Freezing Cloud           Conj/Ice/Air   0%         6-21      100%        5
 Plasma Beam              Fire/Air       0%         2x1d11    100%        5
 Yara's Violent Unravell  Hex/Tmut       0%         3d3       100%        5
 Simulacrum               Ice/Necr       0%         N/A       100%        6
 Starburst                Conj/Fire      0%         6d3       100%        6
 Statue Form              Tmut/Erth      0%         N/A       100%        6
 Ozocubu's Refrigeration  Ice            0%         4d7       100%        7
 Ignition                 Fire           0%         3d3       100%        8


Dungeon Overview and Level Annotations

Branches:
Dungeon (13/15)            Temple (0/1) D:4            Lair (5/5) D:8
 Shoals (0/4) Lair:3        Snake (0/4) Lair:2        Slime (0/5) Lair:5
    Orc (0/2) D:11          IceCv (visited)
 Vaults: D:13-14

Altars:
Dithmenos
Fedhas
Gozag
Nemelex Xobeh
Qazlal
Ru
Sif Muna
Trog
Vehumet
Yredelemnul
The Shining One
Beogh
Jiyva

Shops:
D:5 =

Annotations:
D:7 1 runed translucent door
D:8 exclusions: 2 electric eels and 3 more exclusions
D:11 Nergalle
D:13 Nessos
Lair:1 exclusion: oklob plant
Lair:4 2 transporters, Kavoxtif's ghost, journeyman MiFi


Message History

Nessos blinks!
Nessos casts a spell.
Nessos blinks!
Nessos shoots an arrow.
The arrow hits you! The arrow burns you.
Nessos shoots an arrow.
The arrow closely misses you.
Nessos shoots an arrow.
The arrow hits you! The arrow burns you.
Nessos shoots an arrow.
The arrow barely misses you.
Nessos shoots an arrow.
The arrow hits you.
Nessos shoots an arrow.
The arrow hits you!
Nessos mumbles some strange words.
Nessos blinks!
Nessos shoots an arrow.
The arrow hits you!
* * * LOW HITPOINT WARNING * * *
Nessos shoots an arrow.
The arrow hits you!
* * * LOW HITPOINT WARNING * * *
The arrow burns you.
* * * LOW HITPOINT WARNING * * *
Nessos casts a spell.
Nessos blinks!
Nessos shoots an arrow.
The arrow hits you!
* * * LOW HITPOINT WARNING * * *
The arrow burns you.
* * * LOW HITPOINT WARNING * * *
Nessos shoots an arrow.
The arrow barely misses you.
Nessos shoots an arrow.
The arrow closely misses you.
Nessos casts a spell.
Nessos blinks!
Nessos gestures wildly while chanting.
Nessos blinks!
Nessos unwields a +3 longbow of flaming.
It stops flaming.
Nessos completely misses you. Nessos closely misses you.
Nessos casts a spell.
Nessos blinks!
Your transformation is almost over.
Nessos wields a +3 longbow of flaming.
It bursts into flame!
Nessos shoots an arrow.
The arrow hits you!
* * * LOW HITPOINT WARNING * * *
Nessos mumbles some strange words.
Nessos blinks!
Nessos shoots an arrow.
The arrow closely misses you.
Nessos shoots an arrow.
The arrow hits you!
You die...

####.......#.........##....#....
#.......+.........#...###....
#.......#.###'#####...#......
#.......#.#...........######.
#.......###................##
##......[...§..c...§.........
#....####'#.................
#....#....#.............#+##
#....#....#v............#
#....#....#.............+
#.....#....#.............#
#.....######.#######.....#
........'.....# ........#.....#
###....<#.....# #.....#.....#
#.....#.....#


You could see Nessos (fast, strong).

Vanquished Creatures
  A dire elephant (Lair:3)
  Fannar (D:11)
  3 hydras (Lair:5)
  2 anacondas (Lair:3)
  A two-headed ogre (D:9)
  A centaur warrior (D:13)
  2 boulder beetles
  An alligator (Lair:3)
  A tengu warrior (D:12)
  3 skeletal warriors (D:11)
  Lodul (D:12)
  A necromancer (IceCv)
  3 ugly things
  2 manticores (D:12)
  Maurice (D:12)
  7 black mambas
  An ice statue (IceCv)
  16 elephants
  A gargoyle (D:12)
  5 rime drakes
  8 cane toads
  An unseen horror (D:11)
  A kobold demonologist (D:9)
  2 freezing wraiths (IceCv)
  5 komodo dragons
  9 ice devils (IceCv)
  A queen bee (Lair:2)
  7 polar bears
  2 trolls
  4 hornets (Lair:5)
  20 blink frogs
  2 slime creatures (D:13)
  A dire elephant simulacrum (IceCv)
  2 vampires
  11 spriggans (Lair:5)
  8 wyverns
  5 basilisks
  39 yaks
  Grum (D:10)
  Eustachio (D:4)
  4 vampire mosquitoes
  2 nagas (Lair:2)
  2 death yak simulacra
  4 harpy simulacra (IceCv)
  3 hydra simulacra (IceCv)
  15 water moccasins
  5 orc warriors
  5 black bears
  3 ice beasts
  5 centaurs
  5 ogres
  A boggart (Lair:5)
  28 wolves
  2 phantoms (D:4)
  2 bullfrogs
  3 kobold brigands
  A gnoll sergeant (D:11)
  2 two-headed ogre simulacra
  6 cane toad simulacra
  6 scorpions
  A water moccasin zombie (D:7)
  16 wights
  An elephant simulacrum (IceCv)
  33 killer bees
  An electric eel (Lair:1)
  A howler monkey (D:9)
  3 bullfrog zombies (D:7)
  A human zombie (D:7)
  A centaur zombie (D:7)
  4 hounds
  6 jellies
  4 orc priests
  2 gnoll boudas
  Jessica (D:3)
  A sleepcap (D:6)
  8 iguanas
  An orc wizard (D:7)
  2 hell rats (Lair:3)
  7 polar bear simulacra (IceCv)
  2 troll simulacra (IceCv)
  5 wolf simulacra (IceCv)
  2 killer bee zombies (D:7)
  2 howler monkey zombies (D:7)
  11 gnolls
  3 naga simulacra
  8 adders
  A shadow imp (D:6)
  A white imp (IceCv)
  3 ufetubi
  A worm (D:2)
  2 dart slugs
  15 orcs
  7 ball pythons
  2 bats
  7 endoplasms
  3 giant cockroaches
  6 goblins
  10 hobgoblins
  7 quokkas
  3 frilled lizards (D:3)
  A jackal zombie (D:7)
  24 kobolds
  A kobold zombie (D:7)
  14 rats
  4 bushes (Lair:1)
527 creatures vanquished.

Vanquished Creatures (collateral kills)
  A hydra (Lair:5)
  A two-headed ogre (D:12)
  4 spriggans (Lair:5)
  2 skeletal warriors (D:11)
  A deep elf pyromancer (D:12)
  2 manticores
  2 cane toads
  A gargoyle (D:11)
  An ice devil (IceCv)
  A komodo dragon (Lair:4)
  2 polar bears (Lair:5)
  A wind drake (Lair:3)
  A hornet (Lair:5)
  3 blink frogs
  A slime creature (D:13)
  A shadow (D:9)
  7 yaks
  A dire elephant simulacrum (IceCv)
  A basilisk (Lair:5)
  A steam dragon (D:9)
  A naga (Lair:2)
  2 water moccasins
  3 ogres (D:12)
  2 boggarts (Lair:5)
  12 wolves
  3 centaurs
  A bullfrog (Lair:3)
  A kobold brigand (D:10)
  A scorpion (Lair:3)
  A cane toad simulacrum (D:12)
  2 killer bees (D:10)
  An orc priest (D:11)
  A hell rat (Lair:3)
  2 polar bear simulacra
  A wolf simulacrum (IceCv)
  An orc (D:11)
  A goblin (D:10)
  4 kobolds (D:10)
  2 bushes (Lair:2)
  A butterfly (Lair:5)
78 creatures vanquished.

Vanquished Creatures (others)
  An orc high priest (Lair:5)
  2 orc sorcerers (D:11)
  2 orc knights
  Nergalle (D:11)
  5 orc warriors
  7 orc priests
  A boggart (Lair:5)
  3 orc wizards
  7 orcs
  A jackal (D:13)
  45 fungi
  92 plants
167 creatures vanquished.

Grand Total: 772 creatures vanquished

Notes
Turn   | Place    | Note
-------+----------+-------------------------------------------
     0 | D:1      | jimonade the Hill Orc Fighter began the quest for the Orb.
     0 | D:1      | Reached XP level 1. HP: 19/19 MP: 1/1
    90 | D:1      | Reached XP level 2. HP: 23/27 MP: 2/2
   307 | D:1      | Reached skill level 3 in Axes
   517 | D:2      | Reached skill level 1 in Invocations
   564 | D:2      | Reached XP level 3. HP: 33/33 MP: 3/3
   863 | D:2      | Reached XP level 4. HP: 39/40 MP: 3/5
  1191 | D:2      | Reached skill level 4 in Axes
  1746 | D:3      | Noticed Jessica
  1757 | D:3      | Killed Jessica
  1758 | D:3      | Reached XP level 5. HP: 43/47 MP: 6/6
  1856 | D:3      | Found a faded altar of an unknown god.
  2375 | D:4      | Noticed an ogre
  2384 | D:3      | Killed an ogre
  2385 | D:3      | Reached skill level 5 in Axes
  2385 | D:3      | Reached XP level 6. HP: 8/53 MP: 6/8
  2608 | D:4      | Noticed an ice beast
  2882 | D:4      | Found a staircase to the Ecumenical Temple.
  2982 | D:4      | Reached skill level 6 in Axes
  2985 | D:4      | Reached XP level 7. HP: 36/60 MP: 9/9
  3460 | D:4      | Reached skill level 5 in Fighting
  3460 | D:4      | Reached skill level 7 in Axes
  3496 | D:4      | Reached skill level 5 in Armour
  3837 | D:5      | Entered Level 5 of the Dungeon
  3838 | D:5      | Noticed Eustachio
  3873 | D:4      | Killed Eustachio
  4028 | D:5      | Identified 3 scrolls of acquirement
  4028 | D:5      | Acquired a +4 broad axe of flaming
  4034 | D:5      | Acquired 781 gold pieces
  4038 | D:5      | Acquired a manual of Axes
  4049 | D:5      | Reached XP level 8. HP: 53/68 MP: 11/11
  4147 | D:5      | Reached skill level 8 in Axes
  4194 | D:5      | Found a stormy altar of Qazlal.
  4226 | D:5      | Reached skill level 5 in Invocations
  4339 | D:5      | Found a shimmering blue altar of Sif Muna.
  4347 | D:5      | Became a worshipper of Beogh the Brigand
  4423 | D:5      | Reached skill level 9 in Axes
  4514 | D:5      | Found Vowenuch's Jewellery Emporium.
  4519 | D:5      | Bought a ring of poison resistance for 240 gold pieces
  4522 | D:5      | Bought a +4 ring of protection for 432 gold pieces
  4535 | D:5      | Identified the +6 war axe of Iwi Zic {venom, rElec}
  4882 | D:6      | Found a shadowy altar of Dithmenos.
  4993 | D:6      | Reached skill level 10 in Axes
  5081 | D:6      | Reached skill level 11 in Axes
  5081 | D:6      | Reached XP level 9. HP: 72/75 MP: 13/13
  5144 | D:6      | Found a glowing golden altar of the Shining One.
  5232 | D:6      | Found a sparkling altar of Nemelex Xobeh.
  5486 | D:6      | Reached skill level 5 in Shields
  5581 | D:7      | Reached skill level 12 in Axes
  5624 | D:7      | Found a runed translucent door.
  5635 | D:7      | Found a basalt altar of Yredelemnul.
  5764 | D:7      | Reached * piety under Beogh
  5890 | D:7      | Reached skill level 13 in Axes
  6725 | D:8      | Reached skill level 14 in Axes
  6737 | D:8      | Reached XP level 10. HP: 86/86 MP: 15/15
  7159 | D:8      | Reached skill level 15 in Axes
  7233 | D:8      | Reached ** piety under Beogh
  7248 | D:8      | Found a staircase to the Lair.
  7497 | D:8      | Reached skill level 16 in Axes
  7879 | D:9      | Acquired the +0 helmet "Viabiaw" {rElec Dex+3}
  8036 | D:9      | Noticed a kobold demonologist
  8152 | D:9      | Noticed a smoke demon
  8156 | D:9      | Noticed an orange demon
  8157 | D:9      | Killed a kobold demonologist
  8158 | D:9      | Reached skill level 17 in Axes
  8158 | D:9      | Reached XP level 11. HP: 95/95 MP: 16/18
  8195 | D:9      | Got the Tractate on the Winter and the Boulder
  8242 | D:9      | Noticed a two-headed ogre
  8263 | D:9      | Killed a two-headed ogre
  8365 | Lair:1   | Entered Level 1 of the Lair of Beasts
  8573 | Lair:1   | Reached *** piety under Beogh
  8602 | Lair:1   | Upgraded the game from 0.30-a0-948-g4fa250aae5 to
                  | 0.30-a0-949-g53dc5368d7
  8682 | Lair:1   | Reached skill level 10 in Invocations
  8745 | Lair:1   | Gained Warrok as an ally
  9027 | Lair:1   | Your ally Warrok died
  9108 | Lair:1   | Found a blossoming altar of Fedhas.
  9120 | Lair:1   | Noticed an oklob plant
  9985 | Lair:2   | Reached **** piety under Beogh
 10051 | Lair:2   | Reached skill level 10 in Fighting
 10058 | Lair:2   | Reached skill level 10 in Armour
 10179 | Lair:2   | Reached skill level 18 in Axes
 10246 | Lair:2   | Reached XP level 12. HP: 106/106 MP: 20/20
 10719 | Lair:2   | Noticed a boulder beetle
 10730 | Lair:2   | Killed a boulder beetle
 11230 | Lair:2   | Found a staircase to the Snake Pit.
 11658 | Lair:3   | Found a staircase to the Shoals.
 11979 | Lair:3   | Identified the +1 cloak of the Vaults {rElec}
 12000 | Lair:3   | Reached skill level 1 in Throwing
 12376 | Lair:3   | Noticed an anaconda
 12376 | Lair:3   | Noticed an alligator
 12380 | Lair:3   | Noticed an anaconda
 12387 | Lair:3   | Killed an anaconda
 12388 | Lair:3   | Reached XP level 13. HP: 80/117 MP: 22/22
 12394 | Lair:3   | Reached ***** piety under Beogh
 12583 | Lair:3   | Noticed a dire elephant
 12588 | Lair:3   | Killed a dire elephant
 12589 | Lair:3   | Reached skill level 19 in Axes
 13610 | Lair:4   | Found a transporter.
 13614 | Lair:4   | Noticed Kavoxtif's ghost (journeyman MiFi)
 14008 | Lair:4   | Found a transporter.
 14294 | Lair:5   | Entered Level 5 of the Lair of Beasts
 14518 | Lair:5   | Identified the +0 robe "Otrin" {Str+2}
 14725 | Lair:5   | Reached XP level 14. HP: 116/129 MP: 24/24
 14738 | Lair:5   | Found a staircase to the Slime Pits.
 14746 | Lair:5   | Found a viscous altar of Jiyva.
 15057 | Lair:5   | Gained Bogmar as an ally
 15313 | Lair:5   | Gained Harm as an ally
 15943 | D:9      | Found an opulent altar of Gozag.
 16197 | D:9      | Found a bloodstained altar of Trog.
 16686 | D:10     | Entered Level 10 of the Dungeon
 16859 | D:10     | Found a sacrificial altar of Ru.
 16996 | D:10     | Found a radiant altar of Vehumet.
 16996 | D:10     | Noticed Nergalle
 17005 | D:10     | Gained Ugbert as an ally
 17162 | D:10     | Noticed Grum
 17171 | D:10     | Killed Grum
 17730 | D:11     | Noticed Fannar
 17738 | D:11     | Killed Fannar
 17748 | D:11     | Found a staircase to the Orcish Mines.
 17752 | D:11     | Found a roughly hewn altar of Beogh.
 17900 | D:11     | Your ally Nergalle died
 17948 | D:11     | Your ally Ugbert died
 17963 | D:11     | Your ally Harm died
 17982 | D:11     | Reached skill level 20 in Axes
 17985 | D:11     | Your ally Bogmar died
 18006 | D:11     | Gained Nordag as an ally
 18007 | D:11     | Reached ****** piety under Beogh
 18890 | D:12     | Noticed Maurice
 18901 | D:12     | Killed Maurice
 19132 | D:12     | Noticed Lodul
 19142 | D:12     | Killed Lodul
 19216 | D:12     | Found a frozen archway.
 19234 | IceCv    | Entered an ice cave
 19490 | IceCv    | Found an ancient bone altar of Kikubaaqudgha.
 19501 | IceCv    | Reached skill level 15 in Fighting
 19518 | IceCv    | Gained Ognian as an ally
 19760 | IceCv    | Got Sif Muna's Almanac of Freezing
 19828 | IceCv    | Your ally Ognian died
 19868 | IceCv    | Reached skill level 15 in Invocations
 19868 | IceCv    | Reached XP level 15. HP: 43/141 MP: 21/26
 21029 | D:13     | Noticed Nessos
 21034 | D:13     | Your ally Nordag died
 21055 | D:13     | HP: 6/141 [Nessos/arrow (11)]
 21056 | D:13     | Shot with an arrow by Nessos

Illustrated notes

Levels and vault maps discovered:
D:1:      sevenhm_arrival_forest_fort_small_4, layout_rooms, kennysheep_boxes
D:2:      layout_basic, grunt_ministairs_8
D:3:      layout_basic, shapermc_ecumenical_altar_starsandcircs,
          solitary_fountain, lexackson_kobold_supper, uniq_jessica
D:4:      kb_forest_paths, layout_basic, minmay_temple_entry_junction_2
D:5:      layout_basic, nicolae_overflow_crystal_walls, kennysheep_little_box,
          serial_shops, kennysheep_mini, uniq_eustachio
D:6:      layout_loops_cross, nemelex_diamond_rough_becter, marbit_many_paths,
          overflow_temple_1_default
D:7:      layout_rooms, dk_yredelemnul_ordeal, serial_undead, serial_undead_d,
          serial_undead_b, serial_undead_a, serial_undead_d, serial_undead_d,
          serial_undead_f
D:8:      layout_gridville, minmay_lair_entry_grove, minmay_misc_feat_ornament,
          disabler_island
D:9:      layout_gridville, nicolae_gozag_cash_rules_everything_around_me,
          tgw_trog
D:10:     layout_stronghold, mainiacjoe_overflow_small_starburst,
          vehumet_altar_wand_db, uniq_nergalle, uniq_grum
D:11:     layout_basic, minmay_orc_entry_temple_small, uniq_fannar
D:12:     layout_irregular_city, portal_ice_cave_entry_ice_simulacra,
          uniq_maurice, uniq_lodul
D:13:     layout_irregular_city, minmay_starry_boxes, uniq_nessos
Lair:1:   layout_loops_ring, tgw_fedhas, infiniplex_staircase_pool,
          lemuel_fruit_tree
Lair:2:   layout_roguey [special_room_bee], nicolae_snake_entry_squirm
Lair:3:   layout_long_grid, minmay_shoals_entry_beasts,
          nicolae_lair_lakeside_cave, grunt_megastairs_4
Lair:4:   layout_regular_city, gammafunk_ghost_berserking_beasts,
          chequers_serial_rivers_micro_e, serial_bayou_shore_b
Lair:5:   minmay_lair_end_enchanted_forest, layout_hall_layers,
          nicolae_slime_entry_field_trip, lemuel_fruit_fields

Skill      XL: |  1  2  3  4  5  6  7  8  9 10 11 12 13 14 |
---------------+-------------------------------------------+-----
Axes           | 3 4 5 6 7 11 14 17 18 19 20 | 20.6
Fighting       | 4 5 6 7 8 10 11 13 15 | 15.4
Invocations    | 1 2 3 4 6 7 9 11 12 13 15 | 15.2
Armour         | 4 5 6 7 8 10 11 12 13 | 13.9
Shields        | 4 5 6 7 8 9 |  9.3
Throwing       | 1 |  1.0

Action                     |  1- 3 |  4- 6 |  7- 9 | 10-12 | 13-15 || total
---------------------------+-------+-------+-------+-------+-------++-------
  Melee: War axe           |    55 |   159 |   255 |   505 |   452 ||  1426
         Broad axe         |       |       |    34 |    18 |   162 ||   214
         Punch             |       |       |       |       |     3 ||     3
         Unarmed           |       |       |       |       |     1 ||     1
  Throw: Dart              |       |       |       |     5 |     2 ||     7
 Invoke: Convert to Beogh  |       |       |     1 |       |       ||     1
         Smiting           |       |       |       |       |     7 ||     7
         Recall Orcish Fol |       |       |       |       |     7 ||     7
         Give Item to Name |       |       |       |       |     4 ||     4
    Use: Scroll            |       |       |    14 |     5 |     9 ||    28
         Potion            |       |       |       |     1 |     1 ||     2
   Stab: Distracted        |       |       |       |     2 |     7 ||     9
 Armour: Scale mail        |    28 |    36 |       |       |       ||    64
         Chain mail        |       |    65 |   127 |       |   182 ||   374
         Plate armour      |       |       |    44 |   267 |   251 ||   562
  Dodge: Dodged            |    28 |    69 |    84 |   100 |   215 ||   496
  Block: Buckler           |    13 |    41 |    68 |    95 |   120 ||   337

Table legend: (Time is in decaauts)
 A = Elapsed time spent in this place.
 B = Non-inter-level travel time spent in this place.
 C = Inter-level travel time spent in this place.
 D = Time resting spent in this place.
 E = Time spent auto-exploring this place.
 F = Levels seen in this place.
 G = Mean time per level.
                   A        B        C        D        E       F      G
               +--------+--------+--------+--------+--------+-----+--------+
         Total |  20833 |  19814 |   1019 |   2784 |  11093 |  19 | 1096.5 |
       Dungeon |  12490 |  11787 |    703 |    636 |   7826 |  13 |  960.8 |
          Lair |   7323 |   7007 |    316 |   1637 |   3104 |   5 | 1464.6 |
      Ice Cave |   1019 |   1019 |      0 |    511 |    163 |   1 | 1019.0 |
               +--------+--------+--------+--------+--------+-----+--------+

Top non-repeatable levels by time:
  Lair:2: 1704 daAuts
  Lair:3: 1635 daAuts
  Lair:5: 1462 daAuts
     D:9: 1454 daAuts
  Lair:1: 1410 daAuts
     D:2: 1308 daAuts
     D:4: 1270 daAuts
     D:8: 1237 daAuts
    D:11: 1215 daAuts
  Lair:4: 1110 daAuts
   IceCv: 1019 daAuts
     D:3: 1011 daAuts
    D:10: 957 daAuts
     D:6: 923 daAuts
     D:7: 875 daAuts
